 Dungeon Crawl Stone Soup version 0.29.1 (webtiles) character file.

Game seed: 17351510130906525019

22 vvl the Stinger (level 2, -1/20 HPs)
             Began as a Demonspawn Venom Mage on Sept 12, 2022.
             Slain by a jackal (3 damage)
             ... on level 1 of the Dungeon.
             The game lasted 00:01:47 (990 turns).

vvl the Stinger (Demonspawn Venom Mage)              Turns: 990, Time: 00:01:48

Health: -1/20      AC:  2    Str: 14    XL:     2   Next: 68%
Magic:  5/5        EV: 12    Int: 16    God:
Gold:   13         SH:  0    Dex: 13    Spells: 4/5 levels left

rFire   . . .      SeeInvis .   c - +1 trident (vorpal)
rCold   . . .      Faith    .   (no shield)
rNeg    . . .      Spirit   .   a - +0 robe
rPois   .          Reflect  .   (no helmet)
rElec   .          Harm     .   (no cloak)
rCorr   .          Rampage  .   (no gloves)
Will    .....                   (no boots)
Stlth   ++........              (no amulet)
HPRegen 0.06/turn               h - +6 ring of strength
MPRegen 0.09/turn               (no ring)

@: no status effects
A: claws 1
a: no special abilities


You were on level 1 of the Dungeon.
You visited 1 branch of the dungeon, and saw 1 of its levels.

You collected 13 gold pieces.

Inventory:

Hand Weapons
 c - a +1 vorpal trident (weapon)
Armour
 a - a +0 robe (worn)
Jewellery
 h - a +6 ring of strength (left claw)
Scrolls
 d - 3 scrolls of enchant weapon {unknown}
 g - a scroll of magic mapping {unknown}
 i - 2 scrolls of teleportation {unknown}
Potions
 b - a potion of magic
 e - a potion of heal wounds {unknown}
 f - a potion of curing


   Skills:
 + Level 0.6 Fighting
 + Level 0.4 Armour
 + Level 2.0 Dodging
 - Level 2.0 Stealth
 + Level 2.1 Spellcasting
 + Level 0.5 Conjurations
 + Level 1.2 Transmutations
 + Level 3.1 Poison Magic


You had 4 spell levels left.
You knew the following spells:

 Your Spells              Type           Power      Damage    Failure   Level
a - Sting                 Tmut/Pois      32%        1d4       9%          1

Your spell library contained the following spells:

 Spells                   Type           Power      Damage    Failure   Level
 Poisonous Vapours        Pois/Air       12%        N/A       16%         2
 Mephitic Cloud           Conj/Pois/Air  5%         N/A       36%         3
 Olgreb's Toxic Radiance  Pois           11%        N/A       50%         4


Dungeon Overview and Level Annotations

Branches:
Dungeon (1/15)

Altars:


Innate Abilities, Weirdness & Mutations

You have sharp fingernails.


Message History

The jackal closely misses you. x2
You completely miss the jackal. The jackal misses you.
The jackal bites you but does no damage. x3
The jackal bites you. x2
You closely miss the jackal. The jackal closely misses you.
The jackal barely misses you. The jackal closely misses you.
The jackal bites you but does no damage.
The jackal closely misses you.
You barely miss the jackal. The jackal closely misses you.
The jackal bites you but does no damage.
The jackal closely misses you. The jackal bites you.
The jackal closely misses you. x2
Unknown command.
The jackal attacks as you move away! The jackal bites you.
The jackal barely misses you. The jackal bites you.
* * * LOW HITPOINT WARNING * * *
The jackal attacks as you move away! The jackal barely misses you.
You barely miss the jackal. The jackal attacks as you move away!
The jackal bites you.
* * * LOW HITPOINT WARNING * * *
The jackal bites you.
* * * LOW HITPOINT WARNING * * *
The jackal attacks as you move away! The jackal barely misses you.
You hit the jackal but do no damage. The jackal attacks as you move away!
The jackal bites you.
* * * LOW HITPOINT WARNING * * *
The jackal barely misses you. The jackal bites you.
* * * LOW HITPOINT WARNING * * *
It was a potion of curing.
You feel better. The jackal misses you. x2
The jackal closely misses you. The jackal attacks as you move away!
The jackal bites you. The jackal bites you.
* * * LOW HITPOINT WARNING * * *
The jackal bites you.
* * * LOW HITPOINT WARNING * * *
The jackal attacks as you move away! The jackal bites you.
* * * LOW HITPOINT WARNING * * *
The jackal attacks as you move away! The jackal barely misses you.
The jackal attacks as you move away! The jackal bites you.
You die...

..####.#.##.#.##..##.....# #.#
##..##.#.##..........##.#######)#
.##.##.#.####..#..#####.#....##.#
..####.#.####...........#.##.##..
...##..#.......##########>##.##..
.⌠..#########...# #..##.##.#
.....## #...# #####.###..>..
....⌠.# #...####.........#..#
....... #.hh@.....##.###.....
.⌠(..⌠. ###..h##.....#.####.##.
....... #...................##.
...⌠... #............#.###.....
....... #............#.###.###.
....... ###..........#..##.# #.
######## #...######.##.##.# ##
.##.##.# ##...## #.##.##.####
.......# #.....# #...........


You could see 3 jackals.

Vanquished Creatures
  A gnoll (D:1)
  A dart slug (D:1)
  2 ball pythons (D:1)
  An endoplasm (D:1)
  A goblin (D:1)
  A hobgoblin (D:1)
  A jackal (D:1)
  A quokka (D:1)
  A bat (D:1)
10 creatures vanquished.

Notes
Turn   | Place    | Note
-------+----------+-------------------------------------------
     0 | D:1      | vvl the Demonspawn Venom Mage began the quest for the Orb.
     0 | D:1      | Reached XP level 1. HP: 13/13 MP: 3/3
   233 | D:1      | Reached skill level 1 in Transmutations
   409 | D:1      | Gained mutation: You have sharp fingernails. [demonic
                  | ancestry]
   409 | D:1      | Reached XP level 2. HP: 12/19 MP: 5/5
   631 | D:1      | Found a faded altar of an unknown god.
   990 | D:1      | Slain by a jackal

Illustrated notes

Levels and vault maps discovered:
D:1:      dpeg_arrival_lava_temple_mockup, layout_loops_cross,
          shapermc_ecumenical_altar_acropolis

Skill      XL: |  1  2 |
---------------+-------+-----
Transmutations | 1 |  1.2
Dodging        | 2 |  2.0
Stealth        | 2 |  2.0
Fighting       | |  0.6
Armour         | |  0.4
Spellcasting   | |  2.1
Conjurations   | |  0.5
Poison Magic   | |  3.1

Action                   || total
-------------------------++-------
Melee: Trident           ||    47
  Use: Potion            ||     1
 Stab: Sleeping          ||     2
Armor: Robe              ||    15
Dodge: Dodged            ||    45
